Map: Frozen Temple

Players

Iaguz - Winner!

  • Race: Terran Terran

HuK

  • Race: Protoss Protoss

Event: DreamHack Open Tours WCS Spring Championship

VOD

https://www.youtube.com/watch?v=KVEtequ3uqk

Description

Time

  • Played on: May 14, 2016, 12:52 p.m.
  • Length: 15:44

All games in this series

Show
View Real Time Build Order
Export as new Build Order

Iaguz Terran - Winner!

Build Orders: Reaper Expand, MMM Bio 

Get SALT Encoding   

  12  0:00  SCV  
  13  0:12  SCV  
  14  0:17  Supply Depot  
  14  0:24  SCV  
  15  0:39  SCV  
  15  0:41  Barracks  
  16  0:45  Refinery  
  16  0:51  SCV  
  17  1:03  SCV  
  18  1:15  SCV  
  19  1:27  Orbital Command  
  19  1:28  Reaper  
  20  1:41  Command Center  
  20  1:51  Supply Depot  
  20  1:54  SCV  
  20  2:00  Marine  
  22  2:10  Factory, SCV  
  23  2:22  SCV  
  24  2:23  Barracks Reactor  
  24  2:36  SCV  
  25  2:48  SCV  
  26  2:52  Orbital Command  
  26  2:59  Marine x2  
  26  3:00  Hellion, SCV  
  29  3:11  Command Center  
  29  3:12  SCV  
  30  3:19  Marine x2  
  31  3:20  SCV  
  31  3:26  Hellion  
  35  3:28  SCV  
  35  3:33  SCV  
  37  3:37  Marine  
  37  3:38  Barracks  
  37  3:40  SCV  
  39  3:42  Marine  
  39  3:45  SCV  
  41  3:49  Factory Tech Lab  
  41  3:54  SCV  
  42  3:56  Barracks  
  42  3:57  SCV  
  42  3:58  Marine  
  44  4:06  SCV  
  44  4:07  Marine  
  46  4:15  Refinery  
  46  4:21  SCV x2  
  46  4:22  Siege Tank  
  49  4:26  Marine x2  
  49  4:28  Barracks Tech Lab  
  49  4:30  Orbital Command  
  48  4:33  SCV x2  
  48  4:35  Bunker  
  50  4:40  Supply Depot  
  50  4:45  SCV x2, Marine  
  53  4:46  Engineering Bay  
  53  4:51  Marine x2  
  55  4:54  Marauder  
  55  4:58  SCV x3  
  60  5:06  Siege Tank  
  63  5:07  Marine  
  63  5:10  SCV  
  63  5:12  Supply Depot  
  64  5:17  Terran Infantry Weapons Level 1, Engineering Bay  
  64  5:19  SCV  
  64  5:20  Supply Depot, SCV  
  66  5:23  Stimpack  
  66  5:25  SCV  
  66  5:30  Missile Turret  
  66  5:34  SCV x2, Missile Turret  
  68  5:38  Marauder, Marine x3  
  68  5:40  Siege Tank  
  68  5:42  SCV  
  77  5:49  SCV  
  72  5:56  Marine x3  
  75  6:00  Marauder  
  75  6:02  Supply Depot  
  75  6:03  Supply Depot  
  77  6:11  SCV x3  
  77  6:15  Siege Tank  
  77  6:16  Missile Turret  
  82  6:19  Barracks  
  82  6:20  Refinery, Barracks  
  82  6:22  Marauder, Marine  
  82  6:25  Refinery  
  85  6:26  Marine  
  85  6:30  Marine  
  84  6:33  SCV x3  
  84  6:36  Supply Depot, Starport  
  87  6:40  Supply Depot  
  87  6:44  Marauder  
  87  6:45  Marine x2  
  91  6:47  SCV x3  
  93  6:57  Marine  
  93  7:00  SCV  
  94  7:03  SCV x2, Marine  
  94  7:05  Marauder  
  94  7:07  Supply Depot  
  99  7:09  Barracks Tech Lab  
  99  7:10  Barracks Reactor  
  99  7:11  Missile Turret  
  99  7:14  Factory Reactor  
  99  7:21  Orbital Command  
  96  7:23  SCV x2  
  96  7:25  Terran Infantry Armor Level 1  
  98  7:31  Marauder x2, Marine x2  
  98  7:35  SCV x2  
  106  7:37  Medivac, Marauder  
  110  7:47  SCV x3  
  110  7:50  Marine x2  
  115  7:52  Marauder  
  115  7:54  Supply Depot x2, Marauder, Marine x2  
  115  7:55  Supply Depot  
  121  7:58  Starport  
  121  7:59  Fusion Core  
  121  8:00  SCV x2  
  121  8:03  Factory Tech Lab  
  120  8:09  Marauder, Marine  
  123  8:13  Marine  
  123  8:14  Marauder, Marine  
  123  8:16  Marine  
  123  8:19  Medivac, Marauder  
  126  8:25  Supply Depot x2  
  126  8:26  Marine  
  105  8:28  Supply Depot  
  105  8:31  Marauder, Marine  
  105  8:33  SCV  
  101  8:35  Marauder, Marine  
  101  8:41  SCV x2, Marauder  
  103  8:45  SCV  
  104  8:52  Marine x2  
  104  8:53  SCV x2, Marauder  
  108  8:57  SCV, Advanced Ballistics  
  109  9:03  Missile Turret  
  109  9:07  Medivac x2  
  109  9:09  Medivac  
  113  9:11  Marine x3  
  113  9:12  SCV  
  117  9:17  Refinery x2  
  117  9:20  Marine x2, Liberator  
  117  9:21  Marine x2  
  121  9:29  Widow Mine  
  121  9:30  Supply Depot  
  123  9:31  Supply Depot  
  123  9:35  Concussive Shells  
  123  9:37  Marine x3  
  129  9:38  Marine x2  
  129  9:39  Liberator x2  
  131  9:47  Marauder, Marine  
  134  9:55  Marine  
  134  9:57  Command Center  
  140  10:00  Barracks  
  140  10:04  Liberator  
  140  10:08  Marauder x2, Marine x2  
  140  10:09  Marauder, Marine  
  149  10:16  Marine  
  150  10:21  Liberator  
  150  10:26  Marine x2  
  150  10:27  Marine, Liberator  
  155  10:29  Marine  
  155  10:30  Marauder x2  
  155  10:31  Widow Mine  
  155  10:34  Marine  
  156  10:44  Marine x2  
  156  10:45  Marine  
  156  10:48  Marauder, Barracks Tech Lab  
  164  10:51  Combat Shields, Marauder x2  
  164  10:52  Marine, Missile Turret  
  169  11:01  Supply Depot, Marine  
  169  11:02  Marine  
  171  11:08  Liberator x2  
  171  11:09  Marauder, Marine  
  171  11:10  Marauder, Liberator, Marine  
  177  11:12  Marauder, Marine  
  179  11:19  Marine x2  
  179  11:25  Widow Mine  
  181  11:27  Marine  
  181  11:31  Marine  
  181  11:32  Marauder  
  195  11:36  Marine  
  195  11:37  Marauder, Marine  
  170  11:44  Marine  
  170  11:46  Armory  
  154  11:52  Marine  
  154  11:53  Marauder  
  156  11:54  Marauder, Marine  
  156  11:56  Marine  
  156  11:58  Marine  
  162  12:05  Marine, Widow Mine  
  164  12:13  Marauder, Marine x2  
  165  12:15  Marauder  
  165  12:22  Marauder, Marine x2  
  166  12:27  Planetary Fortress  
  163  12:35  Marauder, Terran Infantry Weapons Level 2  
  164  12:47  Marine x4  
  164  12:48  Marauder  
  164  12:50  Liberator x2  
  170  12:55  Marine x2  
  170  12:56  Marauder  
  151  13:05  Liberator  
  151  13:07  Marine x3  
  151  13:09  Marauder, Marine  
  139  13:14  Marauder x2  
  139  13:19  Marauder  
  128  13:24  Marine  
  128  13:25  Marine x2  
  134  13:27  Marine  
  134  13:30  Marauder  
  137  13:35  Liberator x2  
  137  13:38  Marauder, Marine  
  137  13:40  Marine  
  141  13:42  Marine  
  141  13:43  Widow Mine  
  141  13:44  Marine x2  
  141  13:46  Command Center  
  149  13:58  Engineering Bay  
  149  14:01  Marine x2  
  149  14:02  Marauder  
  153  14:05  Marauder  
  153  14:06  Marauder x2  
  159  14:15  Marine  
  159  14:21  Liberator x2  
  159  14:22  Liberator  
  159  14:23  Marauder  
  161  14:36  Marauder, Marine x2  
  161  14:37  Marine x2  
  161  14:38  Marauder  
  156  14:40  Marauder  
  156  14:44  Marine  
  127  14:53  Marine x2  
  127  14:55  Marine  
  127  14:57  Marauder  
  127  14:59  Marauder, Marine  
  135  15:02  Marauder, Marine  
  137  15:11  Marine x2  
  137  15:13  Marine  
  140  15:16  Marine  
  140  15:19  Marauder  
  140  15:20  Marauder  
Show
View Real Time Build Order
Export as new Build Order

HuK Protoss 

Build Orders: 1 Gate Expand, Blink Stalkers 

Get SALT Encoding   

  12  0:00  Probe (Chrono Boost)  
  13  0:11  Probe (Chrono Boost)  
  14  0:18  Pylon  
  14  0:21  Probe (Chrono Boost)  
  15  0:36  Probe (Chrono Boost)  
  15  0:37  Gateway  
  16  0:42  Assimilator  
  16  0:47  Probe (Chrono Boost)  
  17  0:57  Probe (Chrono Boost)  
  18  1:08  Probe (Chrono Boost)  
  20  1:18  Probe (Chrono Boost)  
  20  1:24  Cybernetics Core  
  20  1:29  Probe (Chrono Boost)  
  21  1:37  Nexus  
  21  1:43  Pylon  
  21  1:44  Probe (Chrono Boost)  
  22  1:50  Assimilator  
  22  1:54  Probe (Chrono Boost)  
  22  2:01  Warp Gate (Chrono Boost), Adept (Chrono Boost)  
  25  2:05  Probe  
  26  2:18  Probe  
  26  2:22  Twilight Council  
  27  2:26  Adept (Chrono Boost)  
  29  2:30  Probe  
  30  2:42  Probe (Chrono Boost)  
  31  2:50  Probe (Chrono Boost)  
  32  2:54  Probe (Chrono Boost)  
  33  3:01  Probe (Chrono Boost), Blink (Chrono Boost)  
  33  3:05  Probe (Chrono Boost)  
  33  3:10  Probe  
  34  3:17  Probe  
  35  3:21  Gateway  
  35  3:22  Gateway  
  35  3:24  Mothership Core  
  35  3:26  Adept (Chrono Boost)  
  39  3:31  Probe  
  40  3:38  Robotics Facility, Pylon  
  40  3:43  Probe  
  40  3:45  Probe (Chrono Boost)  
  42  3:54  Pylon  
  42  3:55  Probe (Chrono Boost)  
  43  3:59  Probe (Chrono Boost)  
  43  4:01  Assimilator  
  44  4:03  Stalker  
  44  4:06  Probe (Chrono Boost)  
  47  4:12  Probe (Chrono Boost)  
  47  4:14  Pylon  
  47  4:16  Probe (Chrono Boost)  
  49  4:17  Stalker x2  
  49  4:23  Probe (Chrono Boost)  
  52  4:26  Probe (Chrono Boost)  
  52  4:28  Warp Prism (Chrono Boost)  
  55  4:34  Probe  
  55  4:37  Probe  
  57  4:38  Stalker  
  57  4:40  Stalker  
  61  4:45  Assimilator  
  61  4:47  Stalker  
  61  4:52  Probe x2  
  65  4:58  Pylon, Observer  
  65  5:00  Resonating Glaives (Chrono Boost)  
  65  5:02  Stalker  
  68  5:07  Stalker  
  68  5:13  Pylon  
  70  5:20  Observer  
  70  5:24  Stalker  
  70  5:26  Stalker  
  75  5:31  Pylon  
  75  5:46  Adept  
  71  5:57  Stalker x3  
  71  5:59  Probe  
  71  6:00  Probe  
  79  6:09  Forge, Nexus  
  79  6:10  Forge  
  79  6:12  Probe  
  80  6:24  Probe x2  
  81  6:29  Immortal  
  81  6:32  Adept x2  
  81  6:37  Gateway  
  81  6:38  Gateway  
  81  6:39  Gateway  
  85  6:45  Pylon  
  85  6:49  Pylon  
  85  6:53  Protoss Ground Armor Level 1 (Chrono Boost), Protoss Ground Weapons Level 1 (Chrono Boost)  
  85  6:54  Probe x2  
  87  7:06  Probe  
  88  7:08  Adept x2  
  88  7:09  Sentry  
  88  7:11  Immortal (Chrono Boost)  
  98  7:22  Probe  
  99  7:32  Adept  
  99  7:33  Probe  
  99  7:34  Probe x2  
  104  7:39  Pylon x3  
  104  7:49  Adept  
  104  7:50  Adept x3  
  104  7:51  Adept  
  112  7:54  Immortal (Chrono Boost)  
  116  8:05  Probe x2  
  116  8:11  Adept x2  
  116  8:12  Adept x3  
  126  8:13  Adept  
  120  8:25  Probe x2  
  110  8:31  Immortal (Chrono Boost)  
  104  8:41  Probe  
  95  8:47  Protoss Ground Weapons Level 2  
  95  8:49  Gateway  
  95  8:50  Gateway x2  
  95  8:53  Protoss Ground Armor Level 2  
  95  8:56  Gateway x3  
  95  8:57  Assimilator x2  
  95  8:58  Gateway  
  95  9:01  Templar Archives  
  95  9:05  Immortal (Chrono Boost)  
  99  9:13  Sentry x3  
  99  9:16  Adept x2  
  109  9:17  Sentry  
  111  9:37  Photon Cannon  
  111  9:39  Immortal (Chrono Boost)  
  115  9:46  Adept x4  
  115  9:47  Adept x3  
  115  9:48  Adept  
  115  9:49  Adept  
  133  9:55  Adept x3  
  139  10:06  Adept  
  140  10:27  Adept x3  
  140  10:28  Adept  
  148  10:33  Pylon  
  140  10:36  Pylon  
  118  10:48  Stargate  
  118  10:50  Nexus, Adept x2  
  118  10:53  Stargate  
  118  10:54  Adept x2  
  118  10:56  Observer (Chrono Boost)  
  127  11:06  Stalker x6  
  139  11:15  Observer (Chrono Boost)  
  139  11:17  Pylon  
  138  11:19  Photon Cannon  
  136  11:25  Adept x4  
  136  11:26  Adept  
  136  11:30  Protoss Ground Weapons Level 3  
  139  11:34  Adept x3  
  139  11:35  Protoss Ground Armor Level 3  
  126  11:41  Adept x2  
  99  12:05  Sentry x3  
  100  12:10  Adept x2  
  98  12:26  Probe  
  98  12:27  Probe  
  98  12:31  Probe  
  99  12:40  High Templar x2  
  99  12:42  High Templar x3  
  109  12:45  Archon  
  109  12:46  Adept x2  
  109  12:47  Archon  
  112  12:51  Stalker  
  114  13:03  Adept x2  
  96  13:09  Stalker  
  96  13:10  Stalker x2  
  76  13:20  Probe x2  
  76  13:24  Observer (Chrono Boost)  
  79  13:32  Sentry x2  
  82  13:34  Adept x2  
  84  13:45  Warp Prism (Chrono Boost)  
  84  13:48  Sentry x2  
  88  13:52  Stalker  
  85  14:10  High Templar x2  
  85  14:14  Archon  
  88  14:19  Stalker x3  
  92  14:27  Stalker  
  94  14:35  Adept  
  94  14:36  Adept  
  86  14:40  Adept  
  80  15:03  Stalker x3  
  86  15:15  Stalker x2  
  90  15:30  Adept  
  90  15:31  Adept x2  

Tags
 
Add a new tag
Caveats
  • Supply blocks, unpowered buildings, or Contaminate may cause inaccurate times.
  • Supply counts are checked every 10 seconds.